[Event "SixDays Budapest March IM B 2025"]
[Site "Budapest"]
[Date "2025.03.24"]
[Round "1.1"]
[White "Suder, Jakub"]
[Black "Chakrabarty, Reyaansh"]
[Result "1/2-1/2"]
[Annotator "TA"]
[ECO "B12"]
[WhiteElo "2347"]
[BlackElo "2181"]
[PlyCount "107"]
[EventDate "2025.03.23"]
[EventCountry "HUN"]
[SourceTitle "playchess.com"]
[Source "ChessBase"]
[SourceQuality "1"]
[TimeControl "5400+30"]

1. e4 c6 2. d4 d5 3. e5 c5 4. dxc5 e6 5. a3 Nc6 6. Nf3 {[%emt 0:00:16] b4 is the strong threat. B12: Caro-Kann: Advance Variation.} Bxc5 7. b4 Bb6 8. Bb2 {[%emt 0:00:18] 8.Bd3 is not played anymore.} f6 9. Bd3 fxe5 10. Nxe5 Nf6 {[%emt 0:00:14] Repels Qh5+} 11. Nd2 O-O {[%emt 0:04:14][%cal Of6e4] ...Ne4! is the strong threat.} 12. Ndf3 Nxe5 $146 (12... Nh5 13. O-O Nf4 14. c4 Nxe5 15. Bxe5 dxc4 16. Bxc4 Qxd1 17. Rfxd1 Nh3+) ({Predecessor:} 12... Nh5 13. O-O Nf4 14. c4 a5 15. Qc2 Nxd3 16. Qxd3 axb4 17. Nxc6 bxc6 18. axb4 Rxa1 19. Rxa1 dxc4 20. Qxc4 {½-½ Begliy,M (2438)-Ruefenacht,M (2510) olm19 final email 2016 [3]}) 13. Nxe5 Ne4 14. Bxe4 dxe4 15. Qxd8 (15. O-O {looks sharper.} Qg5 16. Qe2 e3 17. fxe3 Qxe3+ 18. Qxe3 Bxe3+ 19. Kh1) 15... Rxd8 16. c4 Bc7 17. Ke2 Bxe5 (17... a5 $11) 18. Bxe5 $16 Bd7 19. Rhd1 Rac8 {[%emt 0:24:43] Wards off Bc7} 20. Rac1 Kf7 ({Black should play} 20... Ba4 $14 21. Rd4 Rxd4 22. Bxd4 Bb5) 21. Ke3 a6 22. Kxe4 {[%emt 0:03:49] White is much more active.} Ba4 23. Rxd8 Rxd8 {[%emt 0:00:04][%mdl 4096] Endgame KRB-KRB. White is a pawn up.} 24. Bd4 Bc6+ 25. Ke3 g5 26. f3 h5 27. Rb1 Ra8 28. h4 gxh4 29. Rh1 Rg8 {[%emt 0:01:19] [#]} 30. Kf2 $1 Rg5 31. Rxh4 e5 32. Be3 Rf5 33. Rh1 Ke6 34. Rd1 e4 35. f4 h4 36. Kg1 Rf8 37. Kh2 Rg8 38. Rd2 Rg3 39. Bc5 (39. Re2 $11) 39... Kf5 {[%emt 0:01:27] [#]} (39... Rc3 $1 $15) 40. b5 $1 $11 {[%emt 0:04:03] The position is equal.} axb5 (40... e3 41. Bxe3) 41. cxb5 e3 ({Much weaker is} 41... Bxb5 $6 42. Rd5+ Kg6 (42... Kxf4 $2 {too greedy.} 43. Bd6+ Ke3 44. Rxb5 $18) 43. Bf2 $16) 42. Bxe3 Rxe3 43. bxc6 bxc6 {[%emt 0:00:04][%cal Bb7c6,Bc6c5,Bc5c4,Bc4c3,Bc3c2][%mdl 32] KR-KR. White is a pawn up.} 44. a4 Kxf4 45. Ra2 Re8 46. a5 Ra8 47. Ra4+ Kg5 48. Kh3 c5 (48... Ra6 {simplifies} 49. Rg4+ Kf6 50. Rxh4 Rxa5 51. Rh6+ Kg5) 49. a6 (49. Rxh4 Rxa5 50. g3 Ra8) 49... c4 50. Ra5+ Kg6 51. Kxh4 c3 52. a7 c2 53. Ra6+ Kg7 54. Rc6 {[%emt 0:00:29] Weighted Error Value: White=0.08 (flawless) /Black=0.10 (very precise)   Mistake:       	White=1     	Black=3      Inaccurate:     	White=2     	Black=1      OK:         	White=16    	Black=20     Best:        	White=2     	Black=1      Strong:       	White=1     	---        Brilliant:      	White=1     	---} 1/2-1/2

[Event "SixDays Budapest March IM B 2025"]
[Site "Budapest"]
[Date "2025.03.24"]
[Round "1.2"]
[White "Banerjee, Supratit"]
[Black "Savanovic, Aleksandar"]
[Result "1/2-1/2"]
[Annotator "TA"]
[ECO "C80"]
[WhiteElo "2250"]
[BlackElo "2355"]
[PlyCount "55"]
[EventDate "2025.03.23"]
[EventCountry "HUN"]
[SourceTitle "playchess.com"]
[Source "ChessBase"]
[SourceQuality "1"]
[TimeControl "5400+30"]

1. e4 e5 2. Nf3 Nc6 3. Bb5 a6 4. Ba4 Nf6 5. O-O Nxe4 6. Re1 Nc5 7. Bxc6 dxc6 8. Nxe5 Be7 9. d4 Ne6 10. Be3 O-O 11. c4 f6 {[%emt 0:09:11] C80: Open Ruy Lopez: Sidelines and 9 Nbd2.} 12. Nf3 Re8 {[%emt 0:06:44] The modern move.} 13. Nc3 Bf8 $146 (13... Nf8 14. Qb3 b6 15. h3 Be6 16. Rad1 Bf7 17. d5 c5 18. Bf4 Bd6 19. Rxe8 Bxe8 20. Bxd6 cxd6 {1-0 Carlsen,M (2859)-Le,Q (2728) Meltwater Tour Final rapid 2022 (5.1)}) 14. c5 Qd7 15. Qb3 Qf7 16. Rad1 Bd7 17. h3 (17. Qxb7 $2 {loses.} Reb8 $19) 17... Rab8 18. Qc2 Qg6 19. Qxg6 hxg6 20. b4 g5 21. a3 Rbd8 22. Re2 Kf7 23. Red2 Be7 24. Kf1 Bf8 25. Rb1 Ra8 26. Kg1 Rad8 27. Kf1 Ra8 28. Kg1 $1 {[%emt 0:00:20] Weighted Error Value: White=0.10 (very precise) /Black=0.12 (very precise)   Inaccurate:     	White=4     	Black=3      OK:         	White=5     	Black=8      Strong:       	White=1     	---} 1/2-1/2

[Event "SixDays Budapest March IM B 2025"]
[Site "Budapest"]
[Date "2025.03.24"]
[Round "1.3"]
[White "Shah, Vishwa"]
[Black "Katsanis, Vasileios Dim"]
[Result "1/2-1/2"]
[Annotator "TA"]
[ECO "B10"]
[WhiteElo "2172"]
[BlackElo "2253"]
[PlyCount "110"]
[EventDate "2025.03.23"]
[EventCountry "HUN"]
[SourceTitle "playchess.com"]
[Source "ChessBase"]
[SourceQuality "1"]
[TimeControl "5400+30"]

1. e4 c6 2. Nf3 d5 3. d3 Qc7 4. exd5 cxd5 5. c4 Nf6 6. Nc3 {[%emt 0:00:17] B10: Caro-Kann: 2 d3 and 2 c4.} e6 7. g3 dxc4 8. dxc4 Bb4 9. Qb3 $1 Nc6 10. a3 $146 ({Predecessor:} 10. Bf4 Qa5 11. Bd2 e5 12. O-O-O e4 13. Re1 O-O 14. Nxe4 Nxe4 15. Bxb4 Nxb4 16. Rxe4 Nxa2+ {0-1 Abrahamyan,T (2294)-Davtyan,D (2359) Titled Tuesday intern op 03rd Jan Late blitz 2023 (7)}) 10... Bxc3+ 11. Qxc3 e5 {[%emt 0:02:11] Against Bf4} 12. Bg2 O-O 13. O-O Bg4 14. b4 Rad8 15. Be3 Rfe8 16. Rfe1 h6 {[%emt 0:03:21] Wards off Bg5} 17. Rac1 Qc8 18. b5 (18. Nd2 $11) 18... Bxf3 19. Bxf3 Nd4 (19... e4 $1 $15 20. Be2 Ne5) 20. Bxd4 $14 exd4 21. Rxe8+ Nxe8 22. Qd3 b6 23. Re1 Qc5 {[%emt 0:05:02] Inhibits Re7.} 24. Bd5 Nf6 25. Bc6 g6 26. h3 Kg7 27. Kg2 a5 28. f4 Qd6 29. Re5 Qc7 30. c5 bxc5 31. Rxc5 Rd6 32. Rc4 Qd8 33. Kh2 h5 34. a4 Nh7 {[%emt 0:02:20] Strong Square White (c6)} 35. Qb3 $2 {[%emt 0:05:46] White is more active.} (35. Kg2 $16) 35... d3 $17 36. Qb2+ Nf6 {[%emt 0:00:58] [#]} 37. Qd2 Rd4 38. Rc3 h4 $1 (38... Rxa4 39. Rxd3 Qc7 40. Kg2 $11) 39. Bf3 hxg3+ 40. Kxg3 Ng8 41. Rb3 Ne7 {[%emt 0:00:27] and ...Nf5+ should not be overlooked} (41... Rxa4 $6 42. b6 Ne7 43. b7 Nf5+ 44. Kh2 $11) 42. Bg4 f5 $2 (42... Rxa4 43. Rxd3 Qb6 44. Qb2+ Kf8 45. Qe5 $15 (45. Qh8+ Ng8 $17)) (42... Qb6 $17 {stays on course.} 43. Rxd3 Rxd3+ (43... Rxa4 44. Qb2+ Kf8 45. Qh8+ Ng8 46. Bf3 $15) 44. Qxd3 Qg1+ 45. Kf3 f5) 43. Bf3 $16 Nc8 (43... g5 $1 $11) 44. Qb2 $18 Kh7 {[%emt 0:01:24] Counterplay White} (44... Kh6 $16) 45. b6 Nxb6 (45... Qd6 $2 46. b7 Qxf4+ 47. Kg2 $18) 46. Rxb6 d2 47. Rb8 Qf6 48. Qb3 Kh6 49. Rb6 {[%emt 0:00:46] Against Qd6} Qg7 {[%emt 0:00:53] [#]} 50. Bd1 ({White should try} 50. Rc6 $1 $18) 50... Qc7 $16 51. Qe6 (51. Kg2 $16 {and Qe6 should not be overlooked} Qxf4 52. Qg3 Qxg3+ (52... Qe4+ $2 53. Kh2 $18) 53. Kxg3) 51... Qxf4+ $11 {[%emt 0:00:16] The position is equal.} 52. Kg2 Qg5+ 53. Kh2 $1 Qf4+ 54. Kg2 Qg5+ 55. Kh2 $1 Qf4+ {[%emt 0:02:00] Weighted Error Value: White=0.22 (precise) /Black=0.19 (very precise)   Loses game:     	---       	Black=1      Mistake:       	White=4     	Black=3      Inaccurate:     	White=5     	Black=6      OK:         	White=14    	Black=15     Best:        	White=5     	Black=9      Strong:       	White=3     	Black=1} 1/2-1/2

[Event "SixDays Budapest March IM B 2025"]
[Site "Budapest"]
[Date "2025.03.24"]
[Round "1.4"]
[White "Vuelban, Virgilio"]
[Black "Pavan Karthikeya Varma Gunturi"]
[Result "1/2-1/2"]
[Annotator "TA"]
[ECO "A18"]
[WhiteElo "2244"]
[BlackElo "2015"]
[PlyCount "102"]
[EventDate "2025.03.23"]
[EventCountry "HUN"]
[SourceTitle "playchess.com"]
[Source "ChessBase"]
[SourceQuality "1"]
[TimeControl "5400+30"]

1. c4 Nf6 2. Nc3 e6 3. e4 d5 4. e5 d4 5. exf6 dxc3 6. bxc3 Qxf6 7. Nf3 $1 {[%emt 0:00:14][%mdl 4] is more profitable than 7.d4 at the moment.} Nc6 {[%emt 0:03:56] A18: English Opening: Flohr-Mikenas System (1 c4 Nf6 2 Nc3 e6 3 e4).} 8. Bd3 e5 9. Be4 ({White should try} 9. O-O $14) 9... Bf5 $11 {[%emt 0:01:44] Black has an edge.} 10. Qc2 (10. Bxf5 $11 Qxf5 11. O-O) 10... Bxe4 $15 11. Qxe4 Qg6 (11... O-O-O {looks sharper.} 12. d4 exd4 13. Bg5 Qg6) 12. Qxg6 hxg6 13. d3 O-O-O $146 (13... f6 14. Be3 g5 15. O-O-O O-O-O 16. Kc2 Ne7 17. h3 Nf5 18. g4 Nxe3+ 19. fxe3 Bd6 {1-0 Garcia,J (2531)-Ladva,O (2526) Titled Tuesday intern Qual1 4th April blitz 2017 (4)}) 14. Ke2 Bc5 15. Be3 Bxe3 16. fxe3 {[%emt 0:00:13] [#]} (16. Kxe3 $15 f6 17. h4) 16... e4 $1 $36 {[%emt 0:01:26][%mdl 2048] Keeping White busy.} 17. dxe4 Rhe8 {[%emt 0:00:26] Black sacrificed a pawn} 18. Nd2 Ne5 {[%emt 0:03:14][%mdl 1024] Black has strong compensation.} 19. a4 f6 20. Rhb1 Nd7 21. Ra2 Nc5 22. Kf3 Rd3 23. Rb5 b6 24. a5 Rxc3 25. axb6 axb6 26. Ra8+ Kd7 27. Rxe8 Kxe8 {[%emt 0:00:04][%mdl 4096] Endgame KRN-KRN} 28. Rb2 {[%emt 0:00:06] Inhibits Rc2.} Nd3 29. Ra2 Ne5+ 30. Ke2 Nxc4 31. Ra8+ Ke7 32. Nxc4 Rxc4 $19 {[%emt 0:00:05] KR-KR. Black is a pawn up.} 33. Kd3 Rc1 34. h4 {[%emt 0:01:29] [#]} (34. e5 $17 {is a better defense.}) 34... Rd1+ $1 35. Ke2 Rd7 36. g4 Kd6 37. Re8 (37. g5 $142) 37... Kc5 38. e5 fxe5 39. Rxe5+ Kc4 40. Re6 Rd6 41. Re7 c5 42. Rxg7 b5 43. h5 gxh5 44. gxh5 b4 {[%emt 0:00:39] ...b3 would now be deadly.} 45. Rg6 Rd8 (45... Rd5 46. h6 b3 (46... Rh5 $2 47. Kf3 $19) 47. e4 (47. h7 $2 Rh5 $19)) 46. h6 b3 47. h7 Rh8 $2 (47... b2 $19 48. Rg8 b1=Q (48... b1=R $2 {is the wrong capture.} 49. Rxd8 Rh1 50. h8=Q $18) 49. Rxd8 Qxh7) 48. Kd2 $1 $11 {[%emt 0:07:35] The position is equal.} Rd8+ (48... Rxh7 $5 49. Rg4+ $8 Kd5 50. Rg5+ Kc6 $17 (50... Kc4 51. Rg4+ Kd5 52. Kd3 $17)) 49. Kc1 {[%emt 0:10:03] aiming for Rg8.} Kc3 {[%emt 0:00:59] ( -> ...b2+)} 50. Rd6 Rh8 (50... Rf8 $5 51. Rf6 $8 b2+ 52. Kb1 Rd8 $11) 51. Rd7 c4 {[%emt 0:03:42] Weighted Error Value: White=0.59/Black=0.20 (precise)   Mistake:       	White=5     	---        Inaccurate:     	White=6     	Black=2      OK:         	White=15    	Black=19     Best:        	White=2     	Black=4      Brilliant:      	---       	Black=1} (51... Rf8 $5 52. Rf7 $8 b2+ 53. Kb1 Rd8 $11) 1/2-1/2

[Event "SixDays Budapest March IM B 2025"]
[Site "Budapest"]
[Date "2025.03.24"]
[Round "1.5"]
[White "Horvath, David"]
[Black "Kolimar, Kristof Pal"]
[Result "1/2-1/2"]
[Annotator "TA"]
[ECO "D37"]
[WhiteElo "2279"]
[BlackElo "2284"]
[PlyCount "168"]
[EventDate "2025.03.23"]
[EventCountry "HUN"]
[SourceTitle "playchess.com"]
[Source "ChessBase"]
[SourceQuality "1"]
[TimeControl "5400+30"]

1. c4 e6 2. Nc3 d5 3. d4 Nf6 4. Nf3 Be7 5. Bf4 O-O 6. e3 c5 7. dxc5 Bxc5 8. a3 Nc6 9. Qc2 Qa5 10. Rd1 Ne4 {[%emt 0:07:05] 10...h6 gains popularity.} 11. Nd2 {[%emt 0:01:57] And now Nb3 would win. D37: Queen's Gambit Declined: 5 Bf4.} Nxc3 12. Nb3 Qd8 $146 {[%emt 0:17:41] A sharp opening} (12... Qb6 13. Qxc3 Be7 14. cxd5 exd5 15. Rxd5 a6 16. Nd4 Bf6 17. Rd6 Be6 18. Qd2 Rad8 19. Nxe6 fxe6 {1-0 Arbatskaia,N-Tsiganova,M (2120) URS-ch1 (Women) 1989}) 13. Qxc3 Be7 14. Be2 a5 15. O-O Bf6 $1 16. Qc2 a4 17. Nc5 d4 18. Bf3 (18. Nxa4 e5 19. Bg3 e4 $16) 18... e5 19. Bg3 Qe7 20. Bxc6 (20. Nxa4 d3 21. Rxd3 (21. Qxd3 Rxa4 22. Qc2 Ra5 $17) 21... e4 22. Bxe4 Qxe4 $15) (20. Ne4 $11) 20... bxc6 $15 21. exd4 exd4 {[%emt 0:00:06][%csl Od4] Black has a strong passed pawn} 22. Nxa4 Bg4 (22... d3 $1 $15 23. Qb3 (23. Qxd3 Rxa4 24. Bd6 Qd8 $15) (23. Rxd3 $2 Bf5 $19) 23... Bf5) 23. Rde1 Qa7 24. b3 Rad8 25. Qd3 Qa5 {[%emt 0:01:26][%mdl 1024] Black has compensation.} 26. Bf4 Bf5 {[%emt 0:03:42] A strong pair of Bishops.} 27. Qd1 d3 28. Qd2 Qa7 29. h3 Bd4 30. Be3 Rb8 31. Rb1 Rfe8 32. Rfe1 (32. Bxd4 $1 $11 Qxd4 33. Rfe1) 32... Bxe3 $1 33. Rxe3 h6 34. c5 Rxe3 35. fxe3 (35. Qxe3 $11 Bg6 36. Qe5) 35... Re8 36. Re1 {[%emt 0:00:37] White is weak on the light squares} Qb8 (36... Re5 $17) 37. b4 $1 $11 Qa7 $36 {[%emt 0:00:29][%mdl 2048] Black has good play.} 38. Nc3 (38. Nb6 $11) 38... Qxa3 $17 39. e4 Bg6 {[%emt 0:00:49][%csl Oe4] Black attacks a weakness} 40. Qxd3 Qxb4 41. Qe3 Re5 42. Rb1 Qxc5 43. Kf2 Qe7 (43... Bxe4 $2 44. Qxc5 Rxc5 45. Nxe4 $18) 44. Re1 Kh7 45. Qd4 Qh4+ 46. Kf1 {[%emt 0:00:13] [#]} Rf5+ 47. Ke2 Rf6 48. Qe3 {[%emt 0:00:55] Prevents Qg3} Qh5+ 49. Kd2 (49. g4 {was called for.} Qe5 50. Rb1) 49... Rd6+ $19 50. Kc2 Qe5 51. Rd1 Rxd1 52. Kxd1 {[%emt 0:00:01][%mdl 4096] Endgame KQB-KQN. Black is a pawn up.} f5 53. Kd2 fxe4 54. Ne2 Qd5+ 55. Ke1 Qd3 56. Kf2 Qc2 57. Kg3 Qd3 58. Kf2 Qxe3+ 59. Kxe3 {[%emt 0:00:01] KB-KN. Black is two pawns up.} Kg8 (59... Bf7 $1 $19 60. h4 Kg6 61. Kxe4 Kh5) 60. Nd4 $17 {[%emt 0:01:15] [#]} c5 (60... Be8 $142 $1 61. h4 Kf7 62. Kxe4 Kf6) 61. Ne6 c4 62. Nf4 Be8 63. Kd4 Bb5 64. g3 g5 ({Black should play} 64... Kf8 $15) 65. Nd5 $11 Kf7 66. Nc3 {[%emt 0:00:24] [#]} (66. g4 $11 {keeps the balance.}) 66... Bd7 (66... Bc6 67. Kxc4 Bd7 68. Nxe4 $11) (66... e3 $1 $17 {[%cal Of7g6] And now ...Kg6! would win.} 67. Kxe3 (67. Nxb5 $2 {is the wrong capture.} e2 $19) 67... Bd7) 67. Kxc4 (67. g4 $1 $11) 67... Bxh3 68. Nxe4 Ke6 69. Kd4 Bg2 {[%emt 0:00:49] ( -> ...Bxe4)} 70. Nf2 h5 71. Ke3 Ke5 72. Kd3 Kf5 ({Don't play} 72... h4 73. Ng4+ Ke6 74. gxh4 $11) 73. Ke2 h4 (73... Bd5 $17) 74. gxh4 {[%emt 0:00:04] The position is equal.} gxh4 75. Nd1 Kf4 {[%emt 0:00:41] ( -> ...Bf3+)} 76. Kf2 h3 {[%emt 0:00:38] ( -> ...Bf3)} 77. Ne3 Bc6 78. Nf1 Bb5 79. Nh2 Bc6 80. Nf1 Bb7 81. Nh2 Bg2 82. Nf1 Bxf1 83. Kxf1 h2 (83... Ke3 $5) 84. Kg2 h1=B+ {[%emt 0:00:05] And White is the lucky defender.   Weighted Error Value: White=0.21 (precise) /Black=0.18 (very precise)   Mistake:       	White=7     	Black=7      Inaccurate:     	White=4     	Black=5      OK:         	White=29    	Black=26     Best:        	White=9     	Black=4      Strong:       	White=1     	Black=2} 1/2-1/2